BSA
GREENVILLE 84S @ NEVADA NOISE
06/03/2028
 
TOP OF THE 1ST
Greenville 84s batting - Pitching for Nevada Noise : RHP Cliff Long
Pitching: RHP Cliff Long
Batting: RHB Dan Hooper 0-0: Ball
1-0: Called Strike
1-1: Fly out, F8 (Flyball, 8LM)
Batting: LHB Chris Moore 0-0: Ball
1-0: Ball
2-0: Swinging Strike
2-1: Ball
3-1: Called Strike
3-2: Foul Ball, location: 2F
3-2: Base on Balls
Batting: RHB Enzo Díaz 0-0: Fly out, F9 (Flyball, 9S)
Batting: LHB Brock Larsen 0-0: Called Strike
0-1: Foul Ball, location: 2F
0-2: Ball
1-2: Ball
2-2: Foul Ball, location: 2F
2-2: Ball
3-2: Base on Balls
Chris Moore to second
Batting: LHB Paco Rosas 0-0: Ball
1-0: Fielders Choice at 2nd, 4-6 (Groundball, 4)
Top of the 1st over - 0 run(s), 0 hit(s), 0 error(s), 1 left on base; Greenville 0 - Nevada 0
BOTTOM OF THE 1ST
Nevada Noise batting - Pitching for Greenville 84s : RHP Dillon Nelson
Pitching: RHP Dillon Nelson
Batting: LHB Stanley Mullins 0-0: Swinging Strike
0-1: Ball
1-1: Foul Ball, location: 2F
1-2: Ball
2-2: Strikes out looking
Batting: RHB Stephen Wilson 0-0: SINGLE (Groundball, 6D)
Batting: SHB Julián Madrid 0-0: SINGLE (Groundball, 6MD)
Stephen Wilson to second
Batting: LHB Willie Wallace 0-0: Fly out, F7 (Flyball, 7S)
Batting: RHB Edward Young 0-0: Ball
1-0: Foul Ball, location: 2F
1-1: Swinging Strike
1-2: Strikes out swinging
Bottom of the 1st over - 0 run(s), 2 hit(s), 0 error(s), 2 left on base; Greenville 0 - Nevada 0
TOP OF THE 2ND
Greenville 84s batting - Pitching for Nevada Noise : RHP Cliff Long
Batting: LHB Jimmy Vickers 0-0: Called Strike
0-1: Foul Ball, location: 2F
0-2: Strikes out swinging
Batting: LHB Robert Moore 0-0: Ground out 4-3 (Groundball, 4)
Batting: RHB Vic Langlois 0-0: Swinging Strike
0-1: Ball
1-1: Swinging Strike
1-2: Strikes out swinging
Top of the 2nd over - 0 run(s), 0 hit(s), 0 error(s), 0 left on base; Greenville 0 - Nevada 0
BOTTOM OF THE 2ND
Nevada Noise batting - Pitching for Greenville 84s : RHP Dillon Nelson
Batting: LHB Milton Watson 0-0: Ball
1-0: Called Strike
1-1: Swinging Strike
1-2: Strikes out swinging
Batting: RHB Rich Ruffin 0-0: Fly out, F7 (Flyball, 78M)
Batting: RHB Fernando Martínez 0-0: Fly out, F8 (Flyball, 8LD)
Bottom of the 2nd over - 0 run(s), 0 hit(s), 0 error(s), 0 left on base; Greenville 0 - Nevada 0
TOP OF THE 3RD
Greenville 84s batting - Pitching for Nevada Noise : RHP Cliff Long
Batting: LHB José Costa 0-0: Ball
1-0: Ball
2-0: Called Strike
2-1: Ball
3-1: Base on Balls
Batting: RHB Dan Hooper 0-0: Swinging Strike
0-1: Called Strike
0-2: Ball
1-2: Ball
2-2: Strikes out swinging
Batting: LHB Chris Moore 0-0: Ball
1-0: Ball
2-0: Foul Ball, location: 2F
2-1: Foul Ball, location: 2F
2-2: Ball
3-2: SINGLE (Line Drive, 6M)
José Costa to second
Batting: RHB Enzo Díaz 0-0: Foul Ball, location: 2F
0-1: Ball
1-1: Foul Ball, location: 2F
1-2: Ball
Passed Ball!
José Costa to third
Chris Moore to second
2-2: Ball
3-2: Fly out, F8 (Flyball, 8RXD)
Runner from 3rd tags up, SCORES, no throw
Batting: LHB Brock Larsen 0-0: Ball
1-0: Ball
2-0: Called Strike
2-1: Ball
3-1: SINGLE (Line Drive, 4M)
Chris Moore to third
Batting: LHB Paco Rosas 0-0: Swinging Strike
0-1: Ball
1-1: Fielders Choice at 2nd, 4-6 (Groundball, 34)
Top of the 3rd over - 1 run(s), 2 hit(s), 0 error(s), 1 left on base; Greenville 1 - Nevada 0
BOTTOM OF THE 3RD
Nevada Noise batting - Pitching for Greenville 84s : RHP Dillon Nelson
Batting: RHB Vern Carlton 0-0: SINGLE (Groundball, 56D)
Batting: LHB Stanley Mullins 0-0: SINGLE (Groundball, 5D)
Vern Carlton to second
Batting: RHB Stephen Wilson 0-0: Ball
1-0: Ball
2-0: Ball
3-0: Foul Ball, location: 2F
3-1: Base on Balls
Vern Carlton to third
Stanley Mullins to second
Batting: SHB Julián Madrid 0-0: Called Strike
0-1: GRAND SLAM HOME RUN (Flyball, 89XD), Distance : 442 ft
Batting: LHB Willie Wallace 0-0: Ground out 5-3 (Groundball, 56)
Batting: RHB Edward Young 0-0: Ball
1-0: SINGLE (Groundball, 56D)
Batting: LHB Milton Watson 0-0: Grounds into double play, 1-6-3 (Groundball, P)
Bottom of the 3rd over - 4 run(s), 4 hit(s), 0 error(s), 0 left on base; Greenville 1 - Nevada 4
TOP OF THE 4TH
Greenville 84s batting - Pitching for Nevada Noise : RHP Cliff Long
Batting: LHB Jimmy Vickers 0-0: Foul Ball, location: 2F
0-1: Foul Ball, location: 2F
0-2: Ground out U3 (Groundball, 34)
Batting: LHB Robert Moore 0-0: Ball
1-0: Ball
2-0: Foul Ball, location: 2F
2-1: Foul Ball, location: 2F
2-2: Ball
3-2: Base on Balls
Batting: RHB Vic Langlois 0-0: Ball
1-0: Called Strike
1-1: Swinging Strike
1-2: Ball
2-2: Strikes out looking
Batting: LHB José Costa 0-0: SINGLE (Groundball, 56D)
Robert Moore to second
Batting: RHB Dan Hooper 0-0: Ball
1-0: Ball
2-0: Called Strike
2-1: Fly out, F9 (Flyball, 9S)
Top of the 4th over - 0 run(s), 1 hit(s), 0 error(s), 2 left on base; Greenville 1 - Nevada 4
BOTTOM OF THE 4TH
Nevada Noise batting - Pitching for Greenville 84s : RHP Dillon Nelson
Batting: RHB Rich Ruffin 0-0: Ball
1-0: DOUBLE (Line Drive, 9LM)
Batting: RHB Fernando Martínez 0-0: Called Strike
0-1: Ground out 6-3 (Groundball, 6)
Batting: RHB Vern Carlton 0-0: Called Strike
0-1: Ground out 1-3 (Groundball, 13S)
Rich Ruffin to third
Batting: LHB Stanley Mullins 0-0: Ball
1-0: Fly out, F9 (Line Drive, 9D)
Bottom of the 4th over - 0 run(s), 1 hit(s), 0 error(s), 1 left on base; Greenville 1 - Nevada 4
TOP OF THE 5TH
Greenville 84s batting - Pitching for Nevada Noise : RHP Cliff Long
Batting: LHB Chris Moore 0-0: Foul Ball, location: 2F
0-1: Ball
1-1: Ball
2-1: Ball
3-1: Called Strike
3-2: SINGLE (Flyball, 89S)
Pitching: RHP Mike Pierce
Batting: RHB Enzo Díaz 0-0: Called Strike
0-1: Foul Ball, location: 2F
0-2: Foul Ball, location: 2F
0-2: Ball
1-2: Ball
2-2: Ball
3-2: Base on Balls
Chris Moore to second
Batting: LHB Brock Larsen 0-0: Ball
1-0: SINGLE (Groundball, 34) (infield hit)
Chris Moore to third
Enzo Díaz to second
Batting: LHB Paco Rosas 0-0: Called Strike
0-1: Ball
1-1: Ball
2-1: Ball
3-1: Swinging Strike
3-2: Base on Balls
Chris Moore scores
Enzo Díaz to third
Brock Larsen to second
Batting: LHB Jimmy Vickers 0-0: Ball
1-0: Fly out, F8 (Flyball, 8LM)
Runner from 3rd tags up, SCORES, throw made
Batting: LHB Robert Moore 0-0: Ball
Brock Larsen steals 3rd base
Paco Rosas to second
1-0: Ball
2-0: Ground out 4-3 (Groundball, 4M)
Brock Larsen scores
Paco Rosas to third
Batting: RHB Vic Langlois 0-0: Ball
1-0: Ball
2-0: Called Strike
2-1: Swinging Strike
2-2: Strikes out looking
Top of the 5th over - 3 run(s), 2 hit(s), 0 error(s), 1 left on base; Greenville 4 - Nevada 4
BOTTOM OF THE 5TH
Nevada Noise batting - Pitching for Greenville 84s : RHP Dillon Nelson
Batting: RHB Stephen Wilson 0-0: Fly out, F9 (Line Drive, 9)
Batting: SHB Julián Madrid 0-0: Ball
1-0: Ball
2-0: Ball
3-0: Called Strike
3-1: Swinging Strike
3-2: Fly out, F8 (Flyball, 89S)
Batting: LHB Willie Wallace 0-0: Ball
1-0: Foul Ball, location: 2F
1-1: Fly out, F8 (Line Drive, 8LM)
Bottom of the 5th over - 0 run(s), 0 hit(s), 0 error(s), 0 left on base; Greenville 4 - Nevada 4
TOP OF THE 6TH
Greenville 84s batting - Pitching for Nevada Noise : RHP Mike Pierce
Batting: LHB José Costa 0-0: Ball
1-0: Called Strike
1-1: Swinging Strike
1-2: Foul Ball, location: 2F
1-2: Strikes out swinging
Batting: RHB Dan Hooper 0-0: Ball
1-0: Ball
2-0: Called Strike
2-1: Ball
3-1: Base on Balls
Batting: LHB Chris Moore 0-0: Ball
Passed Ball!
Dan Hooper to second
1-0: Ball
2-0: Ball
3-0: Called Strike
3-1: Base on Balls
Batting: RHB Enzo Díaz 0-0: SINGLE (Groundball, 6MS) (infield hit)
Dan Hooper to third
Chris Moore to second
Pitching: RHP Ray McIntyre
Batting: LHB Brock Larsen 0-0: SINGLE (Flyball, 8RS)
Dan Hooper scores
Chris Moore to third
Enzo Díaz to second
Batting: LHB Paco Rosas 0-0: Ball
1-0: Ball
2-0: Foul Ball, location: 2F
2-1: Ball
3-1: Base on Balls
Chris Moore scores
Enzo Díaz to third
Brock Larsen to second
Batting: LHB Jimmy Vickers 0-0: Ball
1-0: DOUBLE (Groundball, 3L)
Enzo Díaz scores
Brock Larsen scores
Paco Rosas to third
Batting: LHB Robert Moore 0-0: Ball
1-0: Ball
2-0: Foul Ball, location: 2F
2-1: Foul Ball, location: 2F
2-2: Ball
3-2: Ground out 4-3 (Groundball, 4)
Paco Rosas scores
Jimmy Vickers to third
Pitching: RHP Don Wiggins
Batting: RHB Vic Langlois 0-0: Ball
1-0: Ground out 5-3 (Groundball, 56)
Top of the 6th over - 5 run(s), 3 hit(s), 0 error(s), 1 left on base; Greenville 9 - Nevada 4
BOTTOM OF THE 6TH
Nevada Noise batting - Pitching for Greenville 84s : RHP Dillon Nelson
Batting: RHB Edward Young 0-0: Ground out 4-3 (Groundball, 4MD)
Batting: LHB Milton Watson 0-0: Swinging Strike
0-1: Swinging Strike
0-2: Strikes out swinging
Batting: RHB Rich Ruffin 0-0: Ball
1-0: Ball
2-0: Ball
3-0: Foul Ball, location: 2F
3-1: Base on Balls
Batting: RHB Fernando Martínez Pickoff Throw to First - Error! E1
Rich Ruffin to second
0-0: Called Strike
0-1: Ball
1-1: Foul Ball, location: 2F
1-2: Strikes out swinging
Bottom of the 6th over - 0 run(s), 0 hit(s), 1 error(s), 1 left on base; Greenville 9 - Nevada 4
TOP OF THE 7TH
Greenville 84s batting - Pitching for Nevada Noise : RHP Don Wiggins
Batting: LHB José Costa 0-0: Ball
1-0: Swinging Strike
1-1: Ball
2-1: Swinging Strike
2-2: Fly out, F8 (Flyball, 78D)
Batting: RHB Dan Hooper 0-0: Ball
1-0: Ball
2-0: Foul Ball, location: 2F
2-1: Foul Ball, location: 2F
2-2: Strikes out swinging
Batting: LHB Chris Moore 0-0: Swinging Strike
0-1: Swinging Strike
0-2: Ball
1-2: Strikes out swinging
Top of the 7th over - 0 run(s), 0 hit(s), 0 error(s), 0 left on base; Greenville 9 - Nevada 4
BOTTOM OF THE 7TH
Nevada Noise batting - Pitching for Greenville 84s : RHP Dillon Nelson
Batting: RHB Vern Carlton 0-0: Ball
1-0: Swinging Strike
1-1: Ball
2-1: Ground out 6-3 (Groundball, 6)
Batting: LHB Stanley Mullins 0-0: Ball
1-0: Foul Ball, location: 2F
1-1: Called Strike
1-2: Ball
2-2: Foul Ball, location: 2F
2-2: Foul Ball, location: 2F
2-2: Strikes out looking
Batting: RHB Stephen Wilson 0-0: Ball
1-0: Ball
2-0: Called Strike
2-1: Called Strike
2-2: Ball
3-2: Base on Balls
Batting: SHB Julián Madrid 0-0: Swinging Strike
0-1: Ball
1-1: Foul Ball, location: 2F
1-2: Fly out, F3 (Popup, 3S)
Bottom of the 7th over - 0 run(s), 0 hit(s), 0 error(s), 1 left on base; Greenville 9 - Nevada 4
TOP OF THE 8TH
Greenville 84s batting - Pitching for Nevada Noise : RHP Don Wiggins
Batting: RHB Enzo Díaz 0-0: Called Strike
0-1: Ball
1-1: Ball
2-1: SINGLE (Groundball, 4D)
Batting: LHB Brock Larsen 0-0: Ball
1-0: Swinging Strike
1-1: Foul Ball, location: 2F
1-2: Fly out, F7 (Flyball, 7)
Batting: LHB Paco Rosas 0-0: Foul Ball, location: 2F
0-1: Ball
1-1: Swinging Strike
1-2: Ball
2-2: Ball
3-2: Base on Balls
Enzo Díaz to second
Batting: LHB Jimmy Vickers 0-0: Called Strike
0-1: Foul Ball, location: 2F
0-2: Strikes out swinging
Batting: LHB Robert Moore 0-0: Ball
1-0: Called Strike
1-1: Foul Ball, location: 2F
1-2: Strikes out swinging
Top of the 8th over - 0 run(s), 1 hit(s), 0 error(s), 2 left on base; Greenville 9 - Nevada 4
BOTTOM OF THE 8TH
Nevada Noise batting - Pitching for Greenville 84s : RHP Dillon Nelson
Batting: LHB Willie Wallace 0-0: Ball
1-0: Fly out, F7 (Flyball, 7LD)
Now in LF: Felipe Rego
Batting: RHB Edward Young 0-0: Called Strike
0-1: Ball
1-1: Swinging Strike
1-2: SINGLE (Flyball, 8LS)
Batting: LHB Milton Watson 0-0: Foul Ball, location: 2F
0-1: Ball
Balk!
Edward Young to second
1-1: Ball
Wild Pitch!
Edward Young to third
2-1: Foul Ball, location: 2F
2-2: Foul Ball, location: 2F
2-2: Foul Ball, location: 2F
2-2: Foul Ball, location: 2F
2-2: Strikes out swinging, 2-3 out at first.
Batting: RHB Rich Ruffin 0-0: Called Strike
0-1: Ball
1-1: Called Strike
1-2: Foul Ball, location: 2F
1-2: Ball
2-2: Ball
3-2: Fly out, F2 (Popup, 34S)
Bottom of the 8th over - 0 run(s), 1 hit(s), 0 error(s), 1 left on base; Greenville 9 - Nevada 4
TOP OF THE 9TH
Greenville 84s batting - Pitching for Nevada Noise : RHP Don Wiggins
Pitching: RHP Alfredo Montero
Batting: RHB Vic Langlois 0-0: Called Strike
0-1: Foul Ball, location: 2F
0-2: Fly out, F7 (Flyball, 7LS)
Batting: RHB Felipe Rego 0-0: Ball
1-0: Called Strike
1-1: Ball
2-1: Fly out, F7 (Flyball, 7)
Batting: RHB Dan Hooper 0-0: Ball
1-0: Ground out 6-3 (Groundball, 56D)
Top of the 9th over - 0 run(s), 0 hit(s), 0 error(s), 0 left on base; Greenville 9 - Nevada 4
BOTTOM OF THE 9TH
Nevada Noise batting - Pitching for Greenville 84s : RHP Dillon Nelson
Batting: RHB Fernando Martínez 0-0: Ball
1-0: Ball
2-0: SINGLE (Line Drive, 6MD)
Batting: RHB Vern Carlton 0-0: Fly out, F8 (Flyball, 8RM)
Batting: LHB Stanley Mullins 0-0: Fly out, F4 (Line Drive, 4)
Batting: RHB Stephen Wilson 0-0: Ball
1-0: Ball
2-0: Ball
3-0: Called Strike
3-1: Called Strike
3-2: Foul Ball, location: 2F
3-2: Foul Ball, location: 2F
3-2: Base on Balls
Fernando Martínez to second
Pitching: RHP Kenshin Kubota
Batting: SHB Julián Madrid 0-0: Ball
1-0: Ball
2-0: Foul Ball, location: 2F
2-1: Foul Ball, location: 2F
2-2: Ball
3-2: Base on Balls
Fernando Martínez to third
Stephen Wilson to second
Pitching: LHP Francisco Ríos
Batting: LHB Willie Wallace 0-0: Called Strike
0-1: Foul Ball, location: 2F
0-2: Ball
1-2: Strikes out swinging
Bottom of the 9th over - 0 run(s), 1 hit(s), 0 error(s), 3 left on base; Greenville 9 - Nevada 4
Tuesday, August 8th, 2017 - OOTP Baseball 17.12 Build 75